AoeStats
← KND

Nomad

509350105Analyzed
4v4 RM · 5d ago on Sep 26, 2026· 39m 10s· 8 players
Game mode
Random Map
Map size
231×231
Population
200
Speed
Normal
Resources
Standard
Victory
Conquest
Starting age
Dark Age
Ending age
Imperial Age
RankedLock teamsTeams togetherTeam positionsShared explorationLock speedFull tech treeHidden civsTurbo modeCheats
Victory
Defeat
🇧🇷 Japanese · Brazil
1727
+9
🇦🇺 Bohemians · Australia
1627
+12
🇧🇴 Wu · Bolivia
1578
+14
🇧🇷 Wei · Brazil
1494
+18
🇰🇷 Gurjaras · South Korea
1570
-14
🇹🇼 Koreans · Taiwan
1565
-14
🇭🇰 Mongols · Hong Kong SAR China
1563
-14
🇨🇳 Franks · China
1484
-11
菜就怪隊友
5:00 Loom
13:37 Feudal Age
14:13 Double-Bit Axe
18:05 Castle Age
17:32 Fletching
18:59 Bow Saw
21:07 Bodkin Arrow
22:55 Clinker Construction
29:13 Wheelbarrow
28:59 Fishing Lines
29:45 Medium Warships
31:15 Gillnets
31:16 Town Watch
34:42 Horse Collar
37:39 Imperial Age
36:07 Hand Cart
38:35 Imperial Age
37:17 Ballistics
40:23 Chemistry
39:25 Bracer
825889483
7:29 Loom
14:45 Feudal Age
16:19 Double-Bit Axe
19:11 Castle Age
20:19 Scale Barding Armor
36:09 Town Watch
41:18 Imperial Age
42:14 Imperial Age
survivorsteven
11:41 Loom
13:43 Feudal Age
15:43 Double-Bit Axe
18:24 Castle Age
19:48 Bow Saw
19:27 Fishing Lines
20:44 Gold Mining
20:42 Horse Collar
21:56 Stone Mining
24:09 Wheelbarrow
23:41 Town Watch
25:33 Fletching
27:24 Bodkin Arrow
28:20 Bloodlines
28:11 Husbandry
30:34 Gold Shaft Mining
32:13 Ballistics
32:46 Padded Archer Armor
36:28 Imperial Age
35:15 Hand Cart
37:06 Leather Archer Armor
37:14 Bracer
37:47 Conscription
wnstjdrkd
7:26 Loom
13:55 Feudal Age
15:36 Double-Bit Axe
16:36 Fishing Lines
19:01 Castle Age
17:11 Horse Collar
17:23 Gold Mining
19:07 Wheelbarrow
20:06 Bow Saw
19:57 Heavy Plow
22:31 Gold Shaft Mining
24:20 Stone Mining
29:19 Stone Shaft Mining
31:17 Imperial Age
29:19 Hand Cart
29:47 Scale Barding Armor
29:29 Town Watch
30:15 Forging
30:21 Bloodlines
30:12 Husbandry
31:43 Chain Barding Armor
33:23 Crop Rotation
33:41 Plate Barding Armor
35:23 Iron Casting
34:30 Elite Shrivamsha Rider
35:07 Siege Elephant
Mafioso_
13:53 Feudal Age
18:19 Castle Age
16:06 Double-Bit Axe
16:03 Fishing Lines
16:58 Fletching
17:47 Gold Mining
19:15 Medium Warships
20:19 Gold Shaft Mining
20:12 Bow Saw
20:08 Loom
21:08 Gillnets
22:19 Wheelbarrow
28:46 Horse Collar
32:19 Imperial Age
29:55 Stone Mining
31:11 Scale Mail Armor
32:32 Bodkin Arrow
34:23 Ballistics
34:45 Bracer
34:47 Padded Archer Armor
35:48 Chemistry
37:05 Hand Cart
37:25 Conscription
37:13 Thumb Ring
37:35 Parthian Tactics
38:02 Leather Archer Armor
39:53 Ring Archer Armor
39:34 Forging
39:11 Town Watch
ResonanceFreq
13:43 Feudal Age
14:40 Double-Bit Axe
14:38 Fishing Lines
17:25 Castle Age
16:10 Padded Archer Armor
18:27 Bow Saw
20:15 Chemistry
19:40 Horse Collar
22:02 Wheelbarrow
27:34 Leather Archer Armor
29:55 Hand Cart
29:27 Town Watch
33:06 Imperial Age
30:49 Fervor
31:48 Wagenburg Tactics
31:42 Loom
34:21 Ring Archer Armor
34:05 Heavy Plow
34:41 Conscription
37:48 Two-Man Saw
37:50 Siege Engineers
38:13 Houfnice
[ECU] Pendeck's
5:55 Loom
12:18 Feudal Age
12:58 Double-Bit Axe
13:15 Town Watch
17:01 Fletching
16:57 Horse Collar
21:10 Scale Mail Armor
26:54 Castle Age
28:14 Pikeman
34:27 Bodkin Arrow
35:45 Medium Warships
36:58 Wheelbarrow
38:25 Wheelbarrow
38:04 Bow Saw
KND
4:47 Loom
12:48 Feudal Age
13:14 Double-Bit Axe
13:35 Fishing Lines
17:35 Castle Age
16:26 Horse Collar
18:44 Bow Saw
18:35 Heavy Plow
20:20 Wheelbarrow
22:06 Stone Mining
24:04 Hand Cart
25:33 Fletching
31:26 Imperial Age
29:55 Ballistics
29:45 Bodkin Arrow
29:51 Padded Archer Armor
30:49 Gold Mining
31:37 Stone Shaft Mining
31:40 Scale Barding Armor
32:27 Conscription
32:55 Bloodlines
32:45 Husbandry
33:47 Masonry
34:52 Hoardings
34:39 Chain Barding Armor
34:07 Pikeman
34:48 Squires
35:24 Crop Rotation
35:31 Gold Shaft Mining
36:01 Chemistry
35:31 Treadmill Crane
35:40 Town Watch
35:25 Halberdier
35:51 Arson
36:30 Scale Mail Armor
36:41 Forging
38:46 Iron Casting
38:26 Chain Mail Armor
37:53 Elite Tiger Cavalry
Connection lost

Rejoining the realm…

Still unreachable

The connection could not be restored.

Session expired

The server has moved on; the page needs a fresh start.